 Dungeon Crawl Stone Soup version 0.18.1-48-g4cf74bf (webtiles) character file.

79 Krapule the Charmwright (level 4, -2/34 HPs)
             Began as a Human Skald on Aug 10, 2016.
             Slain by a gnoll (6 damage)
             ... on level 2 of the Dungeon.
             The game lasted 00:03:38 (2398 turns).

Krapule the Charmwright (Human Skald)               Turns: 2398, Time: 00:03:39

Health: -2/34      AC:  3    Str: 14    XL:     4   Next: 64%
Magic:  7/7        EV: 11    Int: 12    God:
Gold:   95         SH:  0    Dex: 14    Spells: 1 memorised, 6 levels left

rFire  . . .     SeeInvis .     a - +0 spear
rCold  . . .     Gourm    .     b - +0 leather armour
rNeg   . . .     Faith    .     (no shield)
rPois  .         Spirit   .     (no helmet)
rElec  .         Dismiss  .     (no cloak)
rCorr  .         Reflect  .     (no gloves)
SustAt .         Harm     .     (no boots)
MR     .....                    (no amulet)
Stlth  +.........               (no ring)
                                q - +2 ring of dexterity

@: not resistant to hostile enchantments, very unstealthy
A: no striking features
a: no special abilities


You were on level 2 of the Dungeon.
You were near starving.

You visited 1 branch of the dungeon, and saw 2 of its levels.

You collected 95 gold pieces.

Inventory:

Hand Weapons
 a - a +0 spear (weapon)
Missiles
 j - a throwing net (quivered)
Armour
 b - a +0 leather armour (worn)
 r - a +0 buckler
Jewellery
 q - a +2 ring of dexterity (left hand)
Wands
 n - a wand of confusion (30/48)
Scrolls
 g - 3 scrolls of enchant weapon {unknown}
 h - 7 scrolls of identify {unknown}
 m - a scroll of blinking {unknown}
 p - a scroll of teleportation {unknown}
Potions
 e - a potion of invisibility {unknown}
 k - a potion of curing {unknown}
 l - a potion of beneficial mutation {unknown}
 o - a potion of magic {unknown}
Books
 c - a book of Battle

   Spells                             Type                      Level
   a - Infusion                       Charms                       1
   b - Shroud of Golubria             Charms/Translocation         2
   c - Song of Slaying                Charms                       2
   d - Spectral Weapon                Hexes/Charms                 3
   e - Regeneration                   Charms/Necromancy            3
Comestibles
 d - 2 bread rations
 f - a royal jelly
 i - a slice of pizza


   Skills:
 + Level 2.4 Fighting
 + Level 2.7 Polearms
 + Level 1.9 Armour
 + Level 1.4 Dodging
 + Level 2.2 Spellcasting
 + Level 3.5 Charms


You had 6 spell levels left.
You knew the following spells:

 Your Spells              Type           Power        Failure   Level  Hunger
a - Infusion              Chrm           #...         10%         1    ##.....


Dungeon Overview and Level Annotations

Branches:
Dungeon (2/15)

Altars:


Message History

You hit the gnoll.
The gnoll is moderately wounded.
The gnoll hits you. The rat bites you but does no damage.
You hit the gnoll.
The gnoll is heavily wounded.
The gnoll hits you! The rat bites you.
You hit the gnoll.
The gnoll is heavily wounded.
The gnoll closely misses you.
You completely miss the gnoll.
The gnoll is heavily wounded.
The gnoll hits you.
* * * LOW HITPOINT WARNING * * *
You hit the gnoll.
The gnoll is severely wounded.
The gnoll hits you.
* * * LOW HITPOINT WARNING * * *
There is an open door here.
The gnoll hits you.
You die...

..##.#########.#......# #..#
.>+..gg.r....#.#......#
######..#
..##.#######g#.#......#
#.......# ..##.#
#...##+##### #........
#.########r.#.....#
#........
#...........'.....#
#........
##########..#g....#
#.......# ########...g....#
#.....#.# #..........@....#
#.....+.. #...............#
#.....#.. #..............[#
#.....#.# #..........#'####
####'#### #............#
#..... #............# ######
###########..###########..<.
#..#.........#....
#..#.##...........


You could see 2 gnolls, a hobgoblin and a rat.

Vanquished Creatures
  2 adders
  3 oozes (D:1)
  2 worms (D:2)
  3 giant geckos
  2 ball pythons (D:1)
  2 giant cockroaches (D:1)
  4 goblins
  7 hobgoblins
  6 bats
  A giant newt (D:1)
  4 kobolds
  4 rats
40 creatures vanquished.

Notes
Turn   | Place    | Note
--------------------------------------------------------------
     0 | D:1      | Krapule the Human Skald began the quest for the Orb.
     0 | D:1      | Reached XP level 1. HP: 16/16 MP: 3/3
   101 | D:1      | Reached XP level 2. HP: 16/22 MP: 5/5
   319 | D:1      | Reached XP level 3. HP: 15/27 MP: 6/6
   699 | D:1      | Reached XP level 4. HP: 12/34 MP: 7/7
  2398 | D:2      | Slain by a gnoll

Action                   |  1- 3 |  4- 6 || total
-------------------------+-------+-------++-------
Melee: Spear             |   105 |   116 ||   221
 Stab: Sleeping          |     3 |       ||     3
  Eat: Chunk             |       |     3 ||     3
Armor: Leather armour    |    13 |    18 ||    31
Dodge: Dodged            |    44 |    44 ||    88
